 Dungeon Crawl Stone Soup version 0.21.1-1-g345015f (webtiles) character file.

16 chorionicmirror the Skirmisher (level 2, -6/24 HPs)
             Began as a Demonspawn Abyssal Knight on June 21, 2018.
             Was a Follower of Lugonu.
             Mangled by a kobold
             ... wielding a +2 short sword of electrocution
              (11 damage)
             ... on level 1 of the Dungeon.
             The game lasted 00:03:53 (809 turns).

chorionicmirror the Skirmisher (DsAK)                Turns: 809, Time: 00:03:54

Health: -6/24      AC: 15    Str: 12    XL:     2   Next: 37%
Magic:  4/4        EV: -2    Int: 13    God:    Lugonu [*.....]
Gold:   17         SH:  0    Dex: 12    Spells: 1/1 levels left

rFire    . . .     SeeInvis .   a - +1 falchion
rCold    . . .     Gourm    .   (no shield)
rNeg     . . .     Faith    .   d - +0 crystal plate armour
rPois    .         Spirit   .   (no helmet)
rElec    .         Reflect  .   (no cloak)
rCorr    .         Harm     .   (no gloves)
MR       +....                  (no boots)
Stlth    ..........             (no amulet)
HPRegen  0.08/turn              e - ring of protection from magic
MPRegen  0.09/turn              (no ring)

@: no status effects
A: demonic guardian 1
a: Depart the Abyss, Renounce Religion


You were on level 1 of the Dungeon.
You worshipped Lugonu.
Lugonu was aware of your devotion.
You were not hungry.

You visited 1 branch of the dungeon, and saw 1 of its levels.
You visited the Abyss 1 time.

You collected 17 gold pieces.

Inventory:

Hand Weapons
 a - a +1 falchion (weapon)
Armour
 d - a +0 crystal plate armour (worn)
Jewellery
 e - a ring of protection from magic (left hand)
Scrolls
 g - 3 scrolls of identify {unknown}
 h - a scroll of teleportation {unknown}
Potions
 f - a potion of might {unknown}
 i - a potion of lignification {unknown}
Comestibles
 c - a ration


   Skills:
 + Level 3.2 Fighting
 * Level 2.0 Long Blades
 * Level 2.0 Armour
 + Level 1.0 Dodging
 + Level 2.7 Invocations


You had one spell level left.
You didn't know any spells.

Dungeon Overview and Level Annotations

Branches:
Dungeon (1/15)

Altars:


Innate Abilities, Weirdness & Mutations

A weak demonic guardian rushes to your aid.


Message History

You open the door.
There is an open door here.
You open the door.
A kobold comes into view.
It is wielding a short sword of electrocution.
The kobold moves out of view.
The kobold is too close now for your liking.
There is an open door here.
Your crystal plate armour prevents you from hitting the kobold.
The kobold hits you but does no damage.
You are electrocuted!
Ouch! That really hurt!
* * * LOW HITPOINT WARNING * * *
You are too injured to fight recklessly!
You are too injured to fight recklessly!
You are too injured to fight recklessly!
Okay, then.
Your crystal plate armour prevents you from hitting the kobold.
The kobold hits you but does no damage. x2
Your crystal plate armour prevents you from hitting the kobold.
The kobold hits you but does no damage.
You are electrocuted!
You die...

#.........###..#..##.#
####.......####.........
##.###.....###.##........
##...###)..###...########.
##.....###.###.....## #.
#+##รท......##'##.......#### #.
+.'.........'.'.......).'.# #.
#'##.......##'##.......##.####
##.###.....###@###.....###.....
##...###...###.K.###...##
######
##.....###.###.....###.##
(..... #.......#####.......####
.##### ....<....# #.........# #
#.).....## ##.......## #
##.....## ##.....## # ##...##
##...## # ##.## #


You could see a kobold.

Vanquished Creatures
  2 giant cockroaches (D:1)
  2 goblins (D:1)
  2 jackals (D:1)
  2 bats (D:1)
  2 frilled lizards (D:1)
  7 rats (D:1)
17 creatures vanquished.

Notes
Turn   | Place    | Note
-------+----------+-------------------------------------------
     0 | Abyss:1  | chorionicmirror the Demonspawn Abyssal Knight began the quest for the Orb.
     0 | Abyss:1  | Reached XP level 1. HP: 18/18 MP: 2/2
    89 | Abyss:1  | Noticed a tentacled starspawn
    89 | D:1      | Escaped the Abyss
   326 | D:1      | Reached * piety under Lugonu
   445 | D:1      | Gained mutation: A weak demonic guardian rushes to your aid. [demonic ancestry]
   445 | D:1      | Reached XP level 2. HP: 23/24 MP: 3/3
   793 | D:1      | Reached skill level 1 in Dodging
   809 | D:1      | Mangled by a kobold

Skill      XL: |  1  2 |
---------------+-------+-----
Armour         | 2 |  2.0
Long Blades    | 2 |  2.0
Dodging        | 1 |  1.0
Fighting       | |  3.2
Invocations    | |  2.7

Action                   || total
-------------------------++-------
Melee: Falchion          ||    49
Invok: Depart the Abyss  ||     1
  Use: Scroll            ||     1
 Stab: Sleeping          ||     1
Armor: Crystal plate arm ||    59
       Leather armour    ||     4
Dodge: Dodged            ||     6
       Rpst.: Falchion   ||     3
